 Dungeon Crawl Stone Soup version 0.27-a0-931-g5a74e75d8f (webtiles) character file.

Game seed: 8884807920752900125

8 Alarkh the Insei (level 2, 22/22 HPs)
             Began as a Demonspawn Gladiator on Apr 10, 2021.
             Got out of the dungeon alive.
             The game lasted 00:00:20 (579 turns).

Alarkh the Insei (Demonspawn Gladiator)              Turns: 579, Time: 00:00:21

Health: 22/22      AC:  4    Str: 14    XL:     2   Next: 0%
Magic:  2/2        EV: 12    Int:  9    God:
Gold:   27         SH:  4    Dex: 14    Spells: 1/1 levels left

rFire    . . .     SeeInvis .     - Unarmed
rCold    . . .     Faith    .   (no shield)
rNeg     . . .     Spirit   .   a - +0 leather armour
rPois    .         Reflect  .   b - +0 helmet
rElec    .         Harm     .   (no cloak)
rCorr    .         Rampage  .   (no gloves)
Will     .....                  (no boots)
Stlth    +.........             (no amulet)
HPRegen  0.07/turn              (no ring)
MPRegen  0.08/turn              (no ring)

@: no status effects
A: large bone plates 1
a: no special abilities


You escaped.
You visited 1 branch of the dungeon, and saw 1 of its levels.

You collected 27 gold pieces.

Inventory:

Missiles
 c - 3 throwing nets (quivered)
Armour
 a - a +0 leather armour (worn)
 b - a +0 helmet (worn)
Scrolls
 f - a scroll of enchant weapon {unknown}
Potions
 d - a potion of lignification {unknown}
 e - a potion of haste {unknown}


   Skills:
 + Level 2.2 Fighting
 - Level 1.7 Throwing
 - Level 2.6 Dodging
 * Level 3.0 Unarmed Combat


You had one spell level left.
You didn't know any spells.
Your spell library contained the following spells:

 Spells                   Type           Power      Damage    Failure   Level
 Confusing Touch          Hex            0%         N/A       83%         3
 Gell's Gravitas          Tloc           0%         N/A       83%         3
 Petrify                  Tmut/Erth      0%         N/A       99%         4
 Metabolic Englaciation   Hex/Ice        0%         N/A       100%        5
 Yara's Violent Unravell  Hex/Tmut       0%         3d3       100%        5


Dungeon Overview and Level Annotations

Branches:
Dungeon (1/15)

Altars:


Innate Abilities, Weirdness & Mutations

You are partially covered in large bone plates. (SH +4)


Message History

No target in view!
e - a brown potion You see here a +0 plate armour.
HP restored.
You pick up a book of Misfortune and begin reading...
You add the spells Confusing Touch, Gell's Gravitas, Petrify, Metabolic Englaciation and Yara's Violent Unravelling to your library.
A rat comes into view.
You completely miss the rat. The rat bites you.
You barely miss the rat. The rat barely misses you.
You closely miss the rat. The rat closely misses you.
You hit the rat.
You kill the rat!
No target in view!
No target in view!
No target in view!
No target in view!
No target in view!
No target in view!
No target in view!
f - a scroll labelled IBEQUH ZAUTASA
Found a stone staircase leading down.
You now have 27 gold pieces (gained 9).
You open the door.
There is an open door here.
There is an open door here.
There is a stone staircase leading down here.
A frilled lizard comes into view.
The frilled lizard barely misses you.
You miss the frilled lizard.
The frilled lizard bites you but does no damage.
You hit the frilled lizard.
You kill the frilled lizard!
You have reached level 2!
Your demonic ancestry asserts itself...
Large bone plates grow over parts of your arms.
Unknown command.
There is a dry fountain here.
There is a staircase leading out of the dungeon here.
Are you sure you want to leave the Dungeon?
This will make you lose the game!
You have escaped!

#.... #.... #....
#######################
#.....................#
#...8...8.............#
#..........#########..#
#.⌠......⌠.#≈≈≈≈≈≈≈#...
#.....@....#;≈≈≈≈≈≈#...
#.⌠......⌠.#≈≈≈≈≈≈≈#...
#..........#########..#
#...8...8.............#
#.....................#
#######################


You could see an electric eel.

Vanquished Creatures
  A bat (D:1)
  An endoplasm (D:1)
  A giant cockroach (D:1)
  A hobgoblin (D:1)
  A frilled lizard (D:1)
  3 rats (D:1)
8 creatures vanquished.

Notes
Turn   | Place    | Note
-------+----------+-------------------------------------------
     0 | D:1      | Alarkh the Demonspawn Gladiator began the quest for the
                  | Orb.
     0 | D:1      | Reached XP level 1. HP: 16/16 MP: 1/1
     4 | D:1      | Noticed an electric eel
   179 | D:1      | Reached skill level 3 in Unarmed Combat
   532 | D:1      | Gained mutation: You are partially covered in large bone
                  | plates. (SH +4) [demonic ancestry]
   532 | D:1      | Reached XP level 2. HP: 22/22 MP: 2/2
   579 | D:$      | Got out of the dungeon alive.

Illustrated notes

Levels and vault maps discovered:
D:1:      arrival_aquarium_a, layout_basic, minmay_misc_feat_alley

Skill      XL: |  1 |
---------------+----+-----
Unarmed Combat | 3 |  3.0
Fighting       | |  2.2
Throwing       | |  1.7
Dodging        | |  2.6

Action                   || total
-------------------------++-------
Melee: Unarmed           ||    25
       Punch             ||     1
Armor: Leather armour    ||     9
Dodge: Dodged            ||    12

Table legend: (Time is in decaauts)
 A = Elapsed time spent in this place.
 B = Non-inter-level travel time spent in this place.
 C = Inter-level travel time spent in this place.
 D = Time resting spent in this place.
 E = Time spent auto-exploring this place.
 F = Levels seen in this place.
 G = Mean time per level.
                   A        B        C        D        E       F      G
               +--------+--------+--------+--------+--------+-----+--------+
         Total |    577 |    531 |     46 |      0 |    475 |   1 |  577.0 |
       Dungeon |    577 |    531 |     46 |      0 |    475 |   1 |  577.0 |
               +--------+--------+--------+--------+--------+-----+--------+

Top non-repeatable levels by time:
     D:1: 577 daAuts
